 Dungeon Crawl Stone Soup version 0.22-a0-515-g75794bf (webtiles) character file.

294 Amnesiac the Cutter (level 6, -3/32 HPs)
             Began as a Spriggan Monk on June 19, 2018.
             Was a Believer of Ru.
             Splashed by Ijyb's acid (16 damage)
             ... on level 3 of the Dungeon.
             The game lasted 00:13:20 (5940 turns).

Amnesiac the Cutter (Spriggan Monk)                 Turns: 5940, Time: 00:13:21

Health: -3/32      AC:  1    Str:  9    XL:     6   Next: 11%
Magic:  7/7        EV: 20    Int: 12    God:    Ru [**....]
Gold:   201        SH:  0    Dex: 18    Spells: 4/5 levels left

rFire    . . .     SeeInvis +   b - +0 hunting sling
rCold    . . .     Gourm    .   (shield restricted)
rNeg     . . .     Faith    .   i - +0 robe
rPois    .         Spirit   .   (helmet restricted)
rElec    .         Reflect  .   t - +0 cloak
rCorr    .         Harm     .   (gloves unavailable)
MR       +....     Clarity  +   (boots unavailable)
Stlth    ++++......             (no amulet)
HPRegen  0.10/turn              (no ring)
MPRegen  0.10/turn              (no ring)

@: corroded, very quick
A: very small, unfitting armour, icy blue scales 1, see invisible, clarity,
herbivore, speed 3, slow metabolism 2, subdued magic 1, inexperienced 1
a: Renounce Religion


You were on level 3 of the Dungeon.
You worshipped Ru.
Ru was pleased with you.
You were not hungry.

You visited 2 branches of the dungeon, and saw 7 of its levels.
You also visited: Sewer.

You collected 201 gold pieces.

Inventory:

Hand Weapons
 a - a +0 short sword
 b - a +0 hunting sling (weapon)
 w - a cursed -3 dagger
Missiles
 h - 20 sling bullets (quivered)
 j - 61 stones
Armour
 i - a +0 robe (worn)
 t - a +0 cloak (worn)
Jewellery
 k - the ring "Yrhorh Felu" {rF+ rC- rN+ MR- Str+7}
   (You found it on level 4 of the Dungeon)

   [ring of protection from fire]

   It affects your strength (+7).
   It protects you from fire.
   It makes you vulnerable to cold.
   It protects you from negative energy.
   It affects your resistance to hostile enchantments.
Scrolls
 e - 4 scrolls of teleportation {!r}
 u - a scroll of remove curse {!r}
 v - a scroll of enchant weapon {!r}
Potions
 d - a potion of lignification {!q}
 f - a potion of magic {!q, unknown}
 g - a potion of mutation {!q}
 l - 2 potions of heal wounds {!q}
 m - a potion of brilliance {!q, unknown}
 n - a potion of might {!q, unknown}
 o - a potion of agility {!q}
 p - a potion of haste {!q}
 q - a potion of resistance {!q}
 r - 4 potions of curing {!q}
 s - 2 potions of flight {!q}
Comestibles
 c - 11 rations


   Skills:
 - Level 2.4 Fighting
 * Level 7.0 Short Blades
 - Level 4.4 Dodging
 + Level 7.0 Stealth


You had 4 spell levels left.
You knew the following spells:

 Your Spells              Type           Power        Failure   Level  Hunger
z - Confusing Touch       Hex            #.....       28%         1    ##.....

Your spell library contained the following spells:

 Spells                   Type           Power        Failure   Level  Hunger
 Confuse                  Hex            #.......     65%         3    ####...
 Metabolic Englaciation   Hex/Ice        #.........   100%        5    ######.
 Petrify                  Tmut/Erth      #.......     96%         4    #####..
 Gell's Gravitas          Tloc           #.........   65%         3    ####...
 Yara's Violent Unravell  Hex/Tmut       #.........   100%        5    ######.


Dungeon Overview and Level Annotations

Branches:
Dungeon (6/15)             Temple (1/1) D:5

Altars:
Cheibriados
Dithmenos
Elyvilon
Fedhas
Gozag
Hepliaklqana
Makhleb
Nemelex Xobeh
Okawaru
Qazlal
Ru
Sif Muna
Trog
Uskayaw
Vehumet
Wu Jian
Xom
The Shining One

Annotations:
D:3 Ijyb
D:5 exclusions: orc priest and orc wizard


Innate Abilities, Weirdness & Mutations

You are very small and have problems with some larger weapons.
You are too small for most types of armour.
You have supernaturally acute eyesight. (SInv)
You are a herbivore.
You cover ground extremely quickly.
You need to consume almost no food.
You are somewhat inexperienced. (-2 XL)
You are partially covered in icy blue scales. (AC +2)
You possess an exceptional clarity of mind.
Your spells are a little easier to cast, but a little less powerful.


Message History

Firing (i - inventory. (/) - cycle)
h - 29 sling bullets (quivered)
Press: ? - help, Shift-Dir - straight line, f/p - Ijyb
Aim: Ijyb, wielding a dagger of draining and wearing a shiny chain mail (lightly wounded)
You shoot a sling bullet.
The sling bullet hits Ijyb but does no damage.
Ijyb is lightly wounded.
Unknown command.
An orc comes into view. It is wielding an enchanted flail.
Firing (i - inventory. (/) - cycle)
h - 28 sling bullets (quivered)
Press: ? - help, Shift-Dir - straight line, f/p - Ijyb
Aim: Ijyb, wielding a dagger of draining and wearing a shiny chain mail (lightly wounded)
You shoot a sling bullet. The orc shouts!
The sling bullet hits the orc but does no damage.
Ijyb screams, "Me kill you!" The orc completely misses you.
Firing (i - inventory. (/) - cycle)
h - 27 sling bullets (quivered)
Press: ? - help, Shift-Dir - straight line, f/p - orc
Aim: an orc, wielding an enchanted flail You shoot a sling bullet.
The sling bullet closely misses the orc.
The orc closely misses you.
Unknown command.
Firing (i - inventory. (/) - cycle)
h - 26 sling bullets (quivered)
Press: ? - help, Shift-Dir - straight line, f/p - orc
Aim: an orc, wielding an enchanted flail You shoot a sling bullet.
The sling bullet hits the orc.
The orc is moderately wounded.
Firing (i - inventory. (/) - cycle)
h - 25 sling bullets (quivered)
Press: ? - help, Shift-Dir - straight line, f/p - orc
Aim: an orc, wielding an enchanted flail (moderately wounded)
You shoot a sling bullet. The sling bullet barely misses the orc.
The sling bullet closely misses Ijyb.
Ijyb screams, "Get away!"
Firing (i - inventory. (/) - cycle)
h - 24 sling bullets (quivered)
Press: ? - help, Shift-Dir - straight line, f/p - orc
Aim: an orc, wielding an enchanted flail (moderately wounded)
You shoot a sling bullet. The sling bullet hits the orc.
The orc is heavily wounded.
Firing (i - inventory. (/) - cycle)
h - 23 sling bullets (quivered)
Press: ? - help, Shift-Dir - straight line, f/p - orc
Aim: an orc, wielding an enchanted flail (heavily wounded)
You shoot a sling bullet. The sling bullet hits the orc.
The orc is almost dead.
The orc misses you.
Firing (i - inventory. (/) - cycle)
h - 22 sling bullets (quivered)
Press: ? - help, Shift-Dir - straight line, f/p - orc
Aim: an orc, wielding an enchanted flail (almost dead)
You shoot a sling bullet.
The sling bullet closely misses the orc.
The sling bullet hits Ijyb but does no damage.
Ijyb is lightly wounded.
Firing (i - inventory. (/) - cycle)
h - 21 sling bullets (quivered)
Press: ? - help, Shift-Dir - straight line, f/p - orc
Aim: an orc, wielding an enchanted flail (almost dead)
You shoot a sling bullet. The sling bullet hits the orc.
You kill the orc!
Your Stealth skill increases to level 7!
Ijyb zaps a wand.
The bolt of acid hits you!
Ouch! That really hurt!
* * * LOW HITPOINT WARNING * * *
The acid corrodes you!
You are splashed with acid!
The acid burns!
Ouch! That really hurt!
You die...

#######.# #............#
#.......# #............#
#.......# #............#
#.......########............#
#.......>...................#
#........#.#####............##
#........#.# #..............
#..........#####.#'######.....
####.........@..(.g..(.(......
#.....#######......###.(...
#.....# #......# #....(
#.....# #......########
#.....# ####.........# ##
#.....# #.!.......##.# #.
#..... #...........##.# #.
#...........##.####.
#.....(......#.#....


You could see Ijyb.

Vanquished Creatures
  A sky beast (D:5)
  A crimson imp (D:5)
  A hound (D:6)
  Crazy Yiuf (D:2)
  A killer bee zombie (D:5)
  8 adders
  3 gnolls (D:3)
  An adder skeleton (D:2)
  2 adder zombies
  A worm (D:2)
  A dart slug (D:2)
  5 leopard geckos
  2 orcs
  4 ball pythons
  6 giant cockroaches
  7 hobgoblins
  13 jackals
  2 quokkas (D:2)
  A ball python skeleton (D:2)
  A ball python zombie (D:2)
  5 bats
  10 frilled lizards
  8 goblins
  9 kobolds
  A quokka zombie (D:2)
  6 rats
  4 plants (Sewer)
105 creatures vanquished.

Vanquished Creatures (others)
  A plant (Sewer)
1 creature vanquished.

Grand Total: 106 creatures vanquished

Notes
Turn   | Place    | Note
-------+----------+-------------------------------------------
     0 | D:1      | Amnesiac the Spriggan Monk began the quest for the Orb.
     0 | D:1      | Reached XP level 1. HP: 11/11 MP: 2/2
   106 | D:2      | Found a runed door.
   161 | D:2      | Reached XP level 2. HP: 14/16 MP: 3/3
   305 | D:3      | Noticed Ijyb
   324 | D:3      | Found a shimmering altar of Xom.
   581 | D:4      | Noticed an ogre
   734 | D:3      | Found a sparkling altar of Nemelex Xobeh.
   807 | D:4      | Noticed a phantom
   816 | D:4      | Found a deep blue altar of Sif Muna.
   825 | D:4      | Noticed a scorpion
   826 | D:4      | Got a slimy amber ring
   827 | D:4      | Identified the ring "Yrhorh Felu" {rF+ rC- rN+ MR- Str+7} (You found it on level 4 of the Dungeon)
  1098 | D:4      | Found a glowing drain.
  1108 | Sewer    | Entered a sewer
  1168 | Sewer    | Reached XP level 3. HP: 14/19 MP: 4/4
  2546 | D:4      | Reached XP level 4. HP: 23/23 MP: 5/5
  2729 | D:5      | Entered Level 5 of the Dungeon
  2788 | D:6      | Reached skill level 5 in Short Blades
  2788 | D:6      | Reached skill level 5 in Stealth
  3060 | D:5      | Reached XP level 5. HP: 27/27 MP: 6/6
  3138 | D:5      | Found a staircase to the Ecumenical Temple.
  3188 | Temple   | Entered the Ecumenical Temple
  3273 | Temple   | Became a worshipper of Ru the Awakened
  3279 | Temple   | Gained mutation: You are somewhat inexperienced. (-2 XL) [Ru sacrifice]
  3279 | Temple   | Reached XP level 4. HP: 23/23 MP: 5/5
  3279 | Temple   | Reached XP level 3. HP: 19/19 MP: 4/4
  3279 | Temple   | Reached * piety under Ru
  3279 | Temple   | Reached ** piety under Ru
  3493 | D:5      | Noticed a sky beast
  3583 | D:5      | Killed a sky beast
  3583 | D:5      | Reached XP level 4. HP: 11/23 MP: 5/5
  3921 | D:3      | Found a hazy altar of Hepliaklqana.
  3921 | D:3      | Found an opulent altar of Gozag.
  4101 | D:3      | Reached XP level 5. HP: 16/27 MP: 6/6
  4760 | D:2      | Found a stormy altar of Qazlal.
  5346 | D:2      | Gained mutation: Your spells are a little easier to cast, but a little less powerful. [potion of mutation]
  5346 | D:2      | Gained mutation: You possess an exceptional clarity of mind. [potion of mutation]
  5346 | D:2      | Gained mutation: You are partially covered in icy blue scales. (AC +2) [potion of mutation]
  5427 | D:2      | Learned a level 1 spell: Confusing Touch
  5427 | D:2      | Noticed Crazy Yiuf
  5488 | D:2      | Killed Crazy Yiuf
  5823 | D:3      | Reached XP level 6. HP: 32/32 MP: 7/7
  5940 | D:3      | Splashed by Ijyb's acid

Vault maps used:
D:1:      minmay_arrival_loop, nrook_mini_backslash, st_stairs_8
D:2:      lemuel_crystal_altar, serial_undead, serial_undead_b, serial_undead_f,
          serial_undead_a, serial_undead_d, first_ration,
          uniq_crazy_yiuf_cottage
D:3:      overflow_temple_1_default, nicolae_overflow_hidden_temple, uniq_ijyb,
          uniq_grinder
D:4:      nicolae_overflow_crystal_walls, portal_sewer_entry_d
D:5:      minmay_temple_entry_enclosed_plants, guppyfry_early_orc_mine
D:6:      uniq_eustachio
Temple:   hc_temple_tempest_star
Sewer:    sewer_co_scattered_pipes

Skill      XL: |  1  2  3  4  5  6 |
---------------+-------------------+-----
Short Blades   | 4 6 5 7 |  7.0
Stealth        | 4 6 5 7 |  7.0
Fighting       | |  2.4
Dodging        | |  4.4

Action                   |  1- 3 |  4- 6 || total
-------------------------+-------+-------++-------
Melee: Short sword       |   506 |   191 ||   697
       Unarmed           |    10 |       ||    10
 Fire: Hunting sling     |    26 |    68 ||    94
Invok: Sacrifice Experie |     1 |       ||     1
  Use: Potion            |     3 |     2 ||     5
       Scroll            |     3 |     9 ||    12
 Stab: Sleeping          |     6 |    17 ||    23
       Distracted        |       |     2 ||     2
  Eat: Ration            |     1 |     1 ||     2
Armor: Robe              |    14 |     7 ||    21
       Skin              |    11 |       ||    11
Dodge: Dodged            |   130 |   123 ||   253

Table legend:
 A = Spawn XP
 B = Non-spawn XP
 C = Spawn XP percentage of total XP
 D = Spawn monster count
 E = Non-spawn monster count
 F = Spawn count percentage of total count
 G = Total turns spent on level
                    A         B        C        D         E        F      G
               +---------+---------+-------+---------+---------+-------+---------
         Total |       0 |     599 |   0.0 |       0 |     101 |   0.0 |  5940
               +---------+---------+-------+---------+---------+-------+---------
           D:1 |       0 |      35 |   0.0 |       0 |      22 |   0.0 |   509
           D:2 |       0 |     158 |   0.0 |       0 |      36 |   0.0 |  1356
           D:3 |       0 |      65 |   0.0 |       0 |       9 |   0.0 |   746
           D:4 |       0 |      39 |   0.0 |       0 |       8 |   0.0 |   807
           D:5 |       0 |     214 |   0.0 |       0 |       4 |   0.0 |   748
           D:6 |       0 |      42 |   0.0 |       0 |       1 |   0.0 |   256
         Sewer |       0 |      46 |   0.0 |       0 |      21 |   0.0 |  1424
               +---------+---------+-------+---------+---------+-------+---------
